 Dungeon Crawl Stone Soup version 0.21-a0-178-g0b87683 (webtiles) character file.

1281 4thArraOfDagon the Insei (level 8, 0/49 HPs)
             Began as a Tengu Abyssal Knight on Aug 9, 2017.
             Was a Priest of Lugonu.
             Slain by Prince Ribbit (10 damage)
             ... on level 5 of the Dungeon.
             The game lasted 00:12:57 (3486 turns).

4thArraOfDagon the Insei (Tengu Abyssal Knight)     Turns: 3486, Time: 00:12:58

Health: 0/49       AC: 11    Str: 12    XL:     8   Next: 54%
Magic:  6/21       EV: 11    Int: 15    God:    Lugonu [***...]
Gold:   262        SH:  0    Dex: 17    Spells: 7/7 levels left

rFire    + . .     SeeInvis +   i - +3 scythe of the Desert {elec, Dex+3 SInv}
rCold    . . .     Gourm    .   (shield currently unavailable)
rNeg     . . .     Faith    .   m - +1 scale mail {rF+}
rPois    .         Spirit   .   (helmet restricted)
rElec    .         Reflect  .   (no cloak)
rCorr    .         Harm     .   (no gloves)
MR       .....                  (boots unavailable)
Stlth    ..........             (no amulet)
HPRegen  0.16/turn              c - +4 ring of protection
MPRegen  0.17/turn              q - ring of magical power

@: no status effects
A: beak, talons 3, able to fly 1
a: Fly, Depart the Abyss, Bend Space, Banish, Renounce Religion


You were on level 5 of the Dungeon.
You worshipped Lugonu.
Lugonu was most pleased with you.
You were near starving.

You visited 1 branch of the dungeon, and saw 5 of its levels.
You visited the Abyss 1 time.
You also visited: Sewer.

You collected 262 gold pieces.

Inventory:

Hand Weapons
 i - the +3 scythe of the Desert (weapon) {elec, Dex+3 SInv}
   (You found it on level 4 of the Dungeon)

   Occasionally, upon striking a foe, it will discharge some electrical energy
   and cause terrible harm.
   It affects your dexterity (+3).
   It lets you see invisible.
 k - a +4 club
Armour
 a - a +0 leather armour
 f - a +1 ring mail
 m - a +1 scale mail of fire resistance (worn)
Jewellery
 c - a +4 ring of protection (left hand)
 q - a ring of magical power (right hand)
Scrolls
 d - 2 scrolls of blinking
 e - 5 scrolls of remove curse
 j - 3 scrolls of enchant armour
 l - a scroll of noise {unknown}
 n - 2 scrolls of enchant weapon {unknown}
 o - a scroll of fog
 r - a scroll of fear {unknown}
Potions
 h - a potion of curing
 p - a potion of agility
Comestibles
 b - 5 bread rations
 g - 3 meat rations


   Skills:
 + Level 5.3 Fighting
 - Level 2.1 Armour
 + Level 4.9 Dodging
 * Level 7.4 Unarmed Combat
 + Level 4.2 Invocations


You had 7 spell levels left.
You didn't know any spells.

Dungeon Overview and Level Annotations

Branches:
Dungeon (5/15)
 Temple: D:4-7

Altars:
Elyvilon
Makhleb
Nemelex Xobeh
The Shining One

Annotations:
D:4 Duvessa, Edmund
D:5 Prince Ribbit


Innate Abilities, Weirdness & Mutations

You have a beak for a mouth.
You have claws for feet.
You can fly.


Message History

Unknown command.
Press: ? - help, Shift-Dir - straight line, f/p - ice beast
Aim: an ice beast (chance to defeat MR: 83%)
The ice beast is devoured by a tear in reality.
Lugonu claims a new guest.
You feel somewhat more hungry.
Unknown command.
Unknown command.
Press: ? - help, Shift-Dir - straight line, f - Prince Ribbit
Aim: Prince Ribbit (translocational energy, chance to defeat MR: 69%) Prince Ribbit struggles to resist.
You are near starving!
You can no longer corrupt the fabric of space.
Prince Ribbit closely misses you. Prince Ribbit hits you.
* * * LOW HITPOINT WARNING * * *
Unknown command.
Press: ? - help, Shift-Dir - straight line, f/p - Prince Ribbit
Aim: Prince Ribbit (translocational energy, chance to defeat MR: 69%)
You fail to use your ability.
Prince Ribbit hits you!
You die...

.... .. ###.##... ##.###
( ......... ....# #
...##.... ..#.#####
..##...# #.#.#....
..##...# #.#.##.##
##.####.###..###.#.##...
........#...............
# #@#...............
##.####F#....###.#.##.##
.......ยง#....###.#.##...
........#.....##........
..............##.......#
...###..#..5............
.. #..###............. .
#..# #..#....###... #..#
#..##...# #..#


You could see Prince Ribbit.

Vanquished Creatures
  Grinder (D:3)
  Menkaure (D:5)
  A sky beast (D:5)
  A centaur (D:5)
  2 bullfrogs (Sewer)
  Dowan (D:4)
  A bullfrog zombie (D:5)
  A hound (D:5)
  A centaur skeleton (D:4)
  Jessica (D:2)
  Terence (D:2)
  Natasha (twice) (D:2)
  A worker ant (D:4)
  A howler monkey skeleton (D:4)
  5 gnolls
  10 adders
  A shadow imp (D:5)
  12 oozes
  An adder zombie (D:5)
  A worm (D:3)
  3 dart slugs
  19 leopard geckos
  6 orcs
  12 ball pythons
  8 giant cockroaches
  6 goblins
  7 hobgoblins
  A jackal (D:4)
  2 quokkas
  8 bats
  14 frilled lizards
  A jackal skeleton (D:5)
  3 kobolds
  6 rats
142 creatures vanquished.

Vanquished Creatures (others)
  An ice beast (D:5)
1 creature vanquished.

Grand Total: 143 creatures vanquished

Notes
Turn   | Place    | Note
-------+----------+-------------------------------------------
     0 | Abyss:1  | 4thArraOfDagon the Tengu Abyssal Knight began the quest for the Orb.
     0 | Abyss:1  | Reached XP level 1. HP: 14/14 MP: 3/3
    10 | Abyss:2  | Found a shimmering altar of Xom.
    10 | Abyss:2  | Found a shimmering altar of Xom.
    10 | Abyss:2  | Found a shimmering altar of Xom.
    10 | Abyss:2  | Found a shimmering altar of Xom.
    10 | Abyss:2  | Found a shimmering altar of Xom.
    10 | Abyss:2  | Found a shimmering altar of Xom.
    10 | Abyss:2  | Found a corrupted altar of Lugonu.
    10 | Abyss:2  | Found a shimmering altar of Xom.
    10 | Abyss:2  | Found a shimmering altar of Xom.
    10 | Abyss:2  | Found a shimmering altar of Xom.
    10 | Abyss:2  | Found a shimmering altar of Xom.
    10 | Abyss:2  | Found a shimmering altar of Xom.
    10 | Abyss:2  | Found a shimmering altar of Xom.
    10 | Abyss:2  | Found a shimmering altar of Xom.
    10 | Abyss:2  | Found a shimmering altar of Xom.
    10 | Abyss:2  | Found a shimmering altar of Xom.
    10 | Abyss:2  | Found a shimmering altar of Xom.
    10 | Abyss:2  | Found a shimmering altar of Xom.
    46 | Abyss:3  | Noticed a quasit
   112 | Abyss:3  | Noticed a small abomination
   134 | D:1      | Escaped the Abyss
   157 | D:1      | HMM
   294 | D:1      | Reached * piety under Lugonu
   294 | D:1      | Reached XP level 2. HP: 19/19 MP: 4/4
   639 | D:1      | Reached XP level 3. HP: 18/23 MP: 5/5
   717 | D:2      | Reached skill level 3 in Unarmed Combat
   789 | D:2      | Found a glowing golden altar of the Shining One.
   801 | D:2      | Found a white marble altar of Elyvilon.
   872 | D:2      | Noticed Jessica
   894 | D:2      | Killed Jessica
   894 | D:2      | Reached XP level 4. HP: 28/28 MP: 6/6
   952 | D:2      | Noticed Natasha
   960 | D:2      | Killed Natasha
  1008 | D:2      | Noticed Natasha
  1099 | D:3      | Noticed Grinder
  1104 | D:3      | Paralysed by Grinder for 2 turns
  1163 | D:3      | Found a burning altar of Makhleb.
  1201 | D:4      | Gained mutation: You can fly. [Tengu growth]
  1201 | D:4      | Reached XP level 5. HP: 15/33 MP: 7/7
  1280 | D:4      | Got a twisted scythe
  1281 | D:4      | Identified the +3 scythe of the Desert {elec, Dex+3 SInv} (You found it on level 4 of the Dungeon)
  1332 | D:4      | Reached skill level 4 in Unarmed Combat
  1362 | D:4      | Noticed Dowan
  1363 | D:4      | Noticed Duvessa
  1391 | D:4      | Found a glowing drain.
  1397 | Sewer    | Entered a sewer
  1405 | Sewer    | Reached ** piety under Lugonu
  1557 | Sewer    | Reached XP level 6. HP: 38/38 MP: 8/8
  1702 | Sewer    | Reached *** piety under Lugonu
  1778 | Sewer    | Reached skill level 5 in Unarmed Combat
  1806 | Sewer    | Reached XP level 7. HP: 42/43 MP: 10/10
  1895 | D:2      | Noticed Terence
  1899 | D:2      | Killed Terence
  2531 | D:2      | Found a sparkling altar of Nemelex Xobeh.
  2590 | D:2      | Killed Natasha
  2770 | D:3      | Paralysed by Grinder for 4 turns
  2778 | D:3      | Killed Grinder
  2778 | D:3      | Reached skill level 6 in Unarmed Combat
  2988 | D:4      | Killed Dowan
  2998 | D:4      | Noticed Edmund
  3000 | D:3      | Reached **** piety under Lugonu
  3111 | D:5      | Entered Level 5 of the Dungeon
  3167 | D:5      | Reached XP level 8. HP: 41/48 MP: 11/11
  3388 | D:5      | Noticed Menkaure
  3396 | D:5      | Killed Menkaure
  3396 | D:5      | Reached skill level 5 in Fighting
  3396 | D:5      | Reached skill level 7 in Unarmed Combat
  3476 | D:5      | Noticed Prince Ribbit
  3486 | D:5      | Slain by Prince Ribbit

Vault maps used:
D:1:      dpeg_arrival_stone_temple_mockup, grunt_decor_arrowhead,
          minmay_nonomino_d4
D:2:      overflow_temple_1_default, lemuel_crystal_altar,
          nemelex_xobeh_ov_fountains_minmay, uniq_jessica, uniq_natasha,
          uniq_terence
D:3:      first_bread, bloody_makhleb, uniq_grinder
D:4:      cheibrodos_sewer_entry_sluice, uniq_duvessa, uniq_edmund
D:5:      minmay_temple_entry_junction, uniq_menkaure, uniq_prince_ribbit1
Abyss:2:  bh_abyss_xom_lugonu_altar
Abyss:3:  bh_abyss_exit_spiral, evilmike_abyss_rune_siren_acolytes
Sewer:    sewer_frog_island_02

Skill      XL: |  1  2  3  4  5  6  7  8 |
---------------+-------------------------+-----
Unarmed Combat | 3 4 5 6 7 |  7.4
Dodging        | 2 3 4 |  4.9
Invocations    | 2 3 4 |  4.2
Fighting       | 4 5 |  5.3
Armour         | |  2.1

Action                   |  1- 3 |  4- 6 |  7- 9 || total
-------------------------+-------+-------+-------++-------
Melee: Unarmed           |    65 |    36 |    14 ||   115
       Kick              |    12 |    23 |    16 ||    51
       Peck              |     8 |    10 |    14 ||    32
       Punch             |       |     1 |       ||     1
       Scythe            |       |   128 |   115 ||   243
Throw: Throwing net      |     3 |     2 |       ||     5
Invok: Depart the Abyss  |     1 |       |       ||     1
       Banish            |       |       |     4 ||     4
  Use: Potion            |     1 |     5 |       ||     6
       Scroll            |       |     8 |     1 ||     9
 Stab: Held in net/web   |       |     1 |       ||     1
  Eat: Chunk             |       |     4 |     6 ||    10
Armor: Leather armour    |    11 |       |       ||    11
       Ring mail         |    27 |    99 |    10 ||   136
       Scale mail        |       |       |    71 ||    71
Dodge: Dodged            |    60 |   165 |    91 ||   316
